 Dungeon Crawl Stone Soup version 0.30-a0-55-g90e3122c3a (webtiles) character file.

Game seed: 4398048061625846199

108 jlumianski the Chopper (level 4, -8/34 HPs)
             Began as a Demonspawn Gladiator on Sept 9, 2022.
             Killed by divine providence
             ... invoked by an orc priest
              (13 damage)
             ... on level 3 of the Dungeon.
             The game lasted 00:07:20 (2368 turns).

jlumianski the Chopper (Demonspawn Gladiator)       Turns: 2368, Time: 00:07:21

Health: -8/34      AC:  9    Str: 16    XL:     4   Next: 58%
Magic:  4/4        EV: 12    Int: 10    God:
Gold:   210        SH:  0    Dex: 14    Spells: 3/3 levels left

rFire   + . .      SeeInvis .    a - +0 war axe
rCold   . . .      Faith    .    (no shield)
rNeg    . . .      Spirit   .    b - +0 leather armour
rPois   .          Reflect  .    c - +0 helmet
rElec   .          Harm     .    (no cloak)
rCorr   .          Rampage  .    (no gloves)
Will    .....                    l - +2 pair of boots
Stlth   +.........               (no amulet)
HPRegen 0.11/turn                o - ring of protection from fire
MPRegen 0.09/turn                (no ring)

@: no status effects
A: icy blue scales 1
a: no special abilities


You were on level 3 of the Dungeon.
You visited 1 branch of the dungeon, and saw 4 of its levels.

You collected 210 gold pieces.

Inventory:

Hand Weapons
 a - a +0 war axe (weapon)
Missiles
 d - 3 throwing nets
 e - a javelin
 k - 8 poisoned darts (quivered)
 m - 23 stones
Armour
 b - a +0 leather armour (worn)
 c - a +0 helmet (worn)
 l - a +2 pair of boots (worn)
Magical Staves
 f - a staff of cold
Jewellery
 o - a ring of protection from fire (left hand)
Scrolls
 g - a scroll of silence {unknown}
 h - a scroll of poison {unknown}
 i - a scroll of magic mapping {unknown}
 n - a scroll of torment {unknown}
 p - a scroll of fear
Potions
 j - 2 potions of curing
 q - a potion of degeneration {unknown}
 r - 2 potions of lignification {unknown}
 s - a potion of berserk rage {unknown}
 t - a potion of invisibility {unknown}
 u - a potion of brilliance {unknown}


   Skills:
 + Level 2.9 Fighting
 + Level 3.6 Axes
 + Level 1.9 Throwing
 + Level 1.0 Armour
 + Level 3.3 Dodging


You had 3 spell levels left.
You didn't know any spells.
Your spell library contained the following spells:

 Spells                   Type           Power      Damage    Failure   Level
 Shock                    Conj/Air       0%         1d3       43%         1
 Swiftness                Air            0%         N/A       80%         3
 Airstrike                Air            0%         2d(0-16)  99%         4


Dungeon Overview and Level Annotations

Branches:
Dungeon (4/15)
 Temple: D:4-7

Altars:


Innate Abilities, Weirdness & Mutations

You are partially covered in icy blue scales. (AC +2)


Message History

* * * LOW HITPOINT WARNING * * *
The orc priest looks braver for a moment.
The orc hits you but does no damage.
You hit the orc priest.
The orc priest is moderately wounded.
You hit the ball python. You hit something. You closely miss the orc.
The ball python bites you.
* * * LOW HITPOINT WARNING * * *
The ball python constricts you. Something hits you but does no damage.
The orc priest closely misses you. The orc hits you with a +0 whip.
* * * LOW HITPOINT WARNING * * *
The ball python barely misses you. The ball python constricts you.
You closely miss the orc priest.
The orc priest is moderately wounded.
You slash something!
Reactivating autopickup.
You feel a bit more experienced.
You barely miss the orc. You hit the ball python.
You kill the ball python!
The orc priest misses you. The orc hits you but does no damage.
The orc priest hits you but does no damage.
The orc hits you with a +0 whip.
* * * LOW HITPOINT WARNING * * *
You hit the orc priest.
The orc priest is severely wounded.
You hit the orc. The orc hits you but does no damage.
The orc priest calls upon Beogh to heal the orc.
The orc's wounds heal themselves!
You barely miss the orc priest.
The orc priest is severely wounded.
You barely miss the orc.
The orc priest hits you with a +0 hand axe.
* * * LOW HITPOINT WARNING * * *
The orc closely misses you.
You hit the orc priest but do no damage.
The orc priest is severely wounded.
You closely miss the orc. The orc hits you but does no damage.
The orc priest invokes the aid of Beogh against you.
Beogh smites you!
You die...

#.........# #.#
####..###.# #.# #..#
#.# #.# #..#
#.#####.# #..#
#<......#
#.#####..###########
#...........#
######..##..#
#..)@....?..#
#....o.o♣.♣...#
#......♣.♣.♣.##
#.......♣_♣..#
#......♣ ♣.♣.#
#....... ♣..#
######.. ..# #.# .#


You could see an orc priest and an orc.

Vanquished Creatures
  An orc wizard (D:3)
  4 gnolls
  2 worms (D:2)
  A dart slug (D:2)
  An orc (D:4)
  3 ball pythons
  2 endoplasms
  3 giant cockroaches
  4 goblins
  3 hobgoblins
  4 kobolds
  A quokka (D:1)
  3 bats (D:2)
  2 frilled lizards
  5 rats
39 creatures vanquished.

Notes
Turn   | Place    | Note
-------+----------+-------------------------------------------
     0 | D:1      | jlumianski the Demonspawn Gladiator began the quest for the
                  | Orb.
     0 | D:1      | Reached XP level 1. HP: 16/16 MP: 1/1
   548 | D:1      | Gained mutation: You are partially covered in icy blue
                  | scales. (AC +2) [demonic ancestry]
   548 | D:1      | Reached XP level 2. HP: 22/22 MP: 2/2
  1279 | D:2      | Reached XP level 3. HP: 21/27 MP: 3/3
  2215 | D:3      | Reached XP level 4. HP: 25/34 MP: 4/4
  2282 | D:3      | Reached skill level 1 in Armour
  2358 | D:3      | Found a faded altar of an unknown god.
  2368 | D:3      | Killed from afar by an orc priest

Illustrated notes

Levels and vault maps discovered:
D:1:      amcnicky_arrival_gap_in_the_tavern_cellar, layout_basic,
          grunt_decor_fettered
D:2:      minmay_door_path, layout_loops_ring, nicolae_underground_beach
D:3:      layout_loops_ring, mainiacjoe_overflow_paths,
          mainiacjoe_overflow_surrounded_room,
          chequers_ecumenical_altar_simple_redux
D:4:      layout_gridville, lemuel_doored_altar, hellmonk_ghost_happy_afterlife

Skill      XL: |  1  2  3  4 |
---------------+-------------+-----
Axes           | 3 |  3.6
Dodging        | 3 |  3.3
Armour         | 1 |  1.0
Fighting       | |  2.9
Throwing       | |  1.9

Action                   |  1- 3 |  4- 6 || total
-------------------------+-------+-------++-------
Melee: War axe           |    85 |    15 ||   100
       Punch             |     2 |       ||     2
  Use: Scroll            |     1 |       ||     1
       Potion            |     1 |       ||     1
Armor: Leather armour    |    29 |    15 ||    44
Dodge: Dodged            |    52 |    20 ||    72

Table legend: (Time is in decaauts)
 A = Elapsed time spent in this place.
 B = Non-inter-level travel time spent in this place.
 C = Inter-level travel time spent in this place.
 D = Time resting spent in this place.
 E = Time spent auto-exploring this place.
 F = Levels seen in this place.
 G = Mean time per level.
                   A        B        C        D        E       F      G
               +--------+--------+--------+--------+--------+-----+--------+
         Total |   2404 |   2287 |    117 |    237 |   1343 |   4 |  601.0 |
       Dungeon |   2404 |   2287 |    117 |    237 |   1343 |   4 |  601.0 |
               +--------+--------+--------+--------+--------+-----+--------+

Top non-repeatable levels by time:
     D:1: 1126 daAuts
     D:2: 1004 daAuts
     D:3: 247 daAuts
     D:4: 25 daAuts
